 Dungeon Crawl Stone Soup version 0.30-a0-585-g93115170b9 (webtiles) character file.

Game seed: 5532452571181687869

25580 themarg the Martial Artist (level 13, -8/109 (120) HPs)
             Began as a Gnoll Transmuter on Jan 2, 2023.
             Was a High Priest of Ashenzari.
             Mangled by a blink frog (15 damage)
             ... on level 2 of the Lair of Beasts.
             The game lasted 00:51:03 (16577 turns).

themarg the Martial Artist (Gnoll Transmuter)      Turns: 16577, Time: 00:51:03

HP:   -8/109 (120)  AC: 12    Str: 15    XL:     13   Next: 20%
MP:   21/26         EV: 14    Int: 24    God:    Ashenzari [*****.]
Gold: 2281          SH:  0    Dex: 13    Spells: 17/31 levels left

rFire   x . .      SeeInvis +      - Unarmed
rCold   + + +      Faith    .    (shield currently unavailable)
rNeg    . . .      Spirit   .    (body armour currently unavailable)
rPois   +          Reflect  .    (helmet currently unavailable)
rElec   .          Harm     .    (cloak currently unavailable)
rCorr   .          Rampage  .    (gloves currently unavailable)
Will    .....      Clarity  +    (boots currently unavailable)
Stlth   ++++                     (no amulet)
HPRegen 0.38/turn                O - ring of Star-Bound Wisdom {Int+6, Cun, Range} (curse)
MPRegen 0.20/turn                z - ring "Behold Eternity" {Str+6, Elem, Comp} (curse)

@: ice-form, slowed, drained, very slow
A: freezing attack, amphibious, boosted hp, large, (fangs 1), strong nose,
distributed training
a: End Transformation, Renounce Religion, Curse Item, Shatter the Chains


You were on level 2 of the Lair of Beasts.
You worshipped Ashenzari.
Ashenzari was extremely pleased with you.
You were a creature of crystalline ice.
You visited 3 branches of the dungeon, and saw 14 of its levels.
You also visited: Sewer and Bailey.

You collected 2281 gold pieces.

Inventory:

Hand Weapons
 F - the cursed +4 dire flail of Ashenzari's Omen (melded) {Cun, Bglg}
   (You found it on level 5 of the Dungeon)

   It has a curse which improves the following skills: Cunning: Dodging and
   Stealth.
   Beguiling: Conjurations, Hexes and Translocations.
 W - the +7 hand axe of Daecuic {freeze, Str+3}
   (You found it on level 10 of the Dungeon)

   It freezes those it strikes, dealing additional cold damage.
   It can also slow down cold-blooded creatures.
   Str:       It affects your strength (+3).
Missiles
 f - 14 stones
 v - 31 poisoned darts
 L - 6 curare-tipped darts
 M - 3 datura-tipped darts
 P - a silver boomerang
 Q - 6 boomerangs
Armour
 d - the cursed +2 cloak "Lashed Together" (melded) {Elem, Bglg}
   (You found it on level 1 of the Dungeon)

   It has a curse which improves the following skills: Elements: Fire Magic, Ice
   Magic, Air Magic and Earth Magic.
   Beguiling: Conjurations, Hexes and Translocations.
 e - a +0 kite shield
 q - the cursed +1 helmet of the Eternal Oracle (melded) {Evo, Bglg}
   (You took it off Robin on level 2 of the Dungeon)

   It has a curse which improves the following skills: Evocations: Evocations.
   Beguiling: Conjurations, Hexes and Translocations.
 A - the cursed +0 pair of gloves "Manifest Adversity" (melded) {Fort, Elem}
   (You found it on level 5 of the Dungeon)

   It has a curse which improves the following skills: Fortitude: Armour and
   Shields.
   Elements:  Fire Magic, Ice Magic, Air Magic and Earth Magic.
 U - the cursed +0 troll leather armour "Manifest Prison" (melded) {Regen+, Comp, Alch}
   (You found it on level 10 of the Dungeon)

   Regen:     It increases your rate of health regeneration.
   It has a curse which improves the following skills: Companions: Summonings
   and Necromancy.
   Alchemy:   Poison Magic and Transmutations.
Jewellery
 m - a ring of protection from cold
 z - the cursed ring "Behold Eternity" (right front paw) {Str+6, Elem, Comp}
   (You found it on level 4 of the Dungeon)

   [ring of strength]

   Str:       It affects your strength (+6).
   It has a curse which improves the following skills: Elements: Fire Magic, Ice
   Magic, Air Magic and Earth Magic.
   Companions: Summonings and Necromancy.
 O - the cursed ring of Star-Bound Wisdom (left front paw) {Int+6, Cun, Range}
   (You found it in a bailey)

   [ring of intelligence]

   Int:       It affects your intelligence (+6).
   It has a curse which improves the following skills: Cunning: Dodging and
   Stealth.
   Ranged Combat: Ranged Weapons and Throwing.
 Z - a +6 ring of dexterity
Wands
 a - a wand of flame (10)
 H - a wand of digging (4)
 S - a wand of mindburst (17)
 X - a wand of iceblast (2)
 Y - a wand of charming (6)
Scrolls
 h - 2 scrolls of teleportation
 i - 2 scrolls of magic mapping
 k - 7 scrolls of fear
 o - 4 scrolls of vulnerability
 r - a scroll of brand weapon
 t - a scroll of enchant armour
 u - 3 scrolls of blinking
 x - a scroll of enchant weapon
 D - 4 scrolls of butterflies
 J - a scroll of immolation
 N - a scroll of acquirement
 T - a scroll of silence
 V - 3 scrolls of amnesia
Potions
 b - a potion of lignification
 c - 4 potions of flight
 g - 3 potions of magic
 j - a potion of attraction
 l - a potion of heal wounds
 n - 3 potions of haste
 p - 5 potions of might
 s - a potion of cancellation
 B - 3 potions of invisibility
 C - 2 potions of resistance
 E - 6 potions of brilliance
 G - 2 potions of ambrosia
 K - a potion of mutation
 R - 4 potions of curing


   Skills:
 + Level 8.8 Fighting
 + Level 8.4 Short Blades
 + Level 8.4 Long Blades
 + Level 8.4 Axes
 + Level 8.4 Maces & Flails
 + Level 8.4 Polearms
 + Level 8.4 Staves
 + Level 8.4(10.7) Ranged Weapons
 + Level 8.4(10.7) Throwing
 + Level 8.4 Armour
 + Level 9.6(11.9) Dodging
 + Level 8.4(10.7) Stealth
 + Level 8.4 Shields
 + Level 10.6 Unarmed Combat
 + Level 9.8 Spellcasting
 + Level 7.0 Conjurations
 + Level 7.0 Hexes
 + Level 7.0(9.3) Summonings
 + Level 7.0(9.3) Necromancy
 + Level 7.0 Translocations
 + Level 8.0 Transmutations
 + Level 7.0(9.3) Fire Magic
 + Level 7.0(9.3) Ice Magic
 + Level 7.0(9.3) Air Magic
 + Level 7.0(9.3) Earth Magic
 + Level 7.0 Poison Magic
 + Level 9.2 Invocations
 + Level 8.4 Evocations


You had 17 spell levels left.
You knew the following spells:

 Your Spells              Type           Power      Damage    Failure   Level
a - Beastly Appendage     Tmut           100%       N/A       1%          1
b - Wereblood             Tmut           50%        N/A       1%          2
c - Spider Form           Tmut/Pois      47%        N/A       1%          3
d - Ice Form              Ice/Tmut       52%        N/A       1%          4
e - Summon Lightning Spi  Summ/Air       54%        N/A       1%          4

Your spell library contained the following spells:

 Spells                   Type           Power      Damage    Failure   Level
 Necrotise                Necr           100%       1d9       1%          1
 Sublimation of Blood     Necr           54%        N/A       1%          2
 Gell's Gravitas          Tloc           45%        N/A       1%          3
 Teleport Other           Tloc           45%        N/A       1%          3
 Vampiric Draining        Necr           54%        2d9       1%          3
 Agony                    Necr           54%        N/A       3%          5
 Iskenderun's Battlesphe  Conj           45%        2d10      9%          5
 Iron Shot                Conj/Erth      25%        9d5       28%         6
 Dispersal                Tloc           22%        N/A       43%         6
 Summon Hydra             Summ           27%        N/A       67%         7
 Storm Form               Tmut/Air       26%        N/A       77%         7
 Spellforged Servitor     Conj/Summ      25%        N/A       85%         7
 Maxwell's Capacitive Co  Air            27%        ∞         100%        8


Dungeon Overview and Level Annotations

Branches:
Dungeon (11/15)            Temple (1/1) D:4            Lair (2/5) D:10
    Orc (0/2) D:11          Sewer (visited)          Bailey (visited)
  Swamp: Lair:2-3    Shoals: Lair:2-3     Snake: Lair:2-3    Spider: Lair:2-3

Altars:
Ashenzari
Fedhas
Gozag
Kikubaaqudgha
Makhleb
Qazlal
Trog
Vehumet
Xom
Yredelemnul
Zin
The Shining One

Annotations:
Lair:2 Gastronok, Nergalle


Innate Abilities, Weirdness & Mutations

You are a creature of crystalline ice.
You have a powerful freezing melee attack.
You are amphibious.
Your maximum health is increased.
Your armour is entirely melded.
You are incapable of wielding weapons or throwing items.
((You have very sharp teeth.))
Your uncanny sense of smell can sniff out nearby items.
Your experience applies equally to all skills.


Message History

You punch Nergalle! You freeze Nergalle!
Nergalle is heavily wounded.
The spectral orc warrior barely misses you.
Nergalle hits you but does no damage.
The spectral orc knight hits you from afar with a +0 halberd.
* * * LOW HITPOINT WARNING * * *
The spectral orc barely misses you.
The spectral orc warrior closely misses you.
The spectral orc knight misses you. Nergalle hits you but does no damage.
You punch Nergalle! You freeze Nergalle.
Nergalle is severely wounded.
The spectral orc warrior hits you from afar with a +0 halberd.
* * * LOW HITPOINT WARNING * * *
The spectral orc closely misses you.
Nergalle points at you and mumbles some strange words.
Orcish apparitions take form around you.
The spectral orc knight hits you from afar with a +0 halberd!
* * * LOW HITPOINT WARNING * * *
The spectral orc warrior hits you from afar with a +0 halberd.
* * * LOW HITPOINT WARNING * * *
You feel drained.
You feel much better.
Your surroundings suddenly seem different. 3 blink frogs come into view.
Found an amulet of faith.
The blink frog gives a loud, deep croak!
The blink frog croaks.
The blink frog hits you!
* * * LOW HITPOINT WARNING * * *
The blink frog hits you!
* * * LOW HITPOINT WARNING * * *
The blink frog blinks!
An electric hum fills the air.
The blink frog hits you but does no damage. x2
The blink frog blinks!
The blink frog barely misses you.
You closely miss the blink frog. The blink frog hits you!
* * * LOW HITPOINT WARNING * * *
The blink frog closely misses you.
The blink frog blinks!
The blink frog hits you!
You die...

* ** * ** ,, , **
* ** , * * ,, *,
* #*#### , * *, *
,*####....# ,,
##....#.P###, , *
*,
......F.F.P#..#
,, ,
,,>.......Y§....#
** ,
,,*..F...#..#...#
** , #...≈ .8.≈§
.#* **
*,*...#,≈§..≈...
* ** * ..
,#."≈≈...#.# *
,., ,§§≈#..#....
* , ~.§..∩.......
, * *
≈§..#*..#....* *
*,* **, , , ,, ,,


You could see 3 blink frogs and a friendly lightning spire (summoned).

Vanquished Creatures
  An orc warlord (Bailey)
  A centaur warrior (D:11)
  Erica (D:9)
  4 two-headed ogres
  3 boulder beetles (D:11)
  A tengu warrior (D:8)
  A wolf spider (D:11)
  An ugly thing (D:8)
  2 cyclopes
  A black mamba (Lair:2)
  A cane toad (Lair:1)
  A kobold demonologist (D:10)
  3 komodo dragons
  3 trolls (D:10)
  A hornet (D:8)
  2 polar bears (Lair:1)
  2 vampires
  4 wraiths
  A shadow (D:10)
  12 yaks
  2 wyverns
  2 basilisks
  3 acid dragons
  8 water moccasins
  22 orc warriors
  2 ice beasts (D:8)
  A black bear (D:7)
  A swamp drake (D:10)
  A sky beast (D:6)
  An ogre (D:5)
  14 wolves
  6 centaurs
  3 phantoms
  2 kobold brigands
  7 bullfrogs
  5 necrophages
  2 gnoll sergeants
  A scorpion (D:7)
  8 wights
  10 killer bees
  3 howler monkeys
  5 orc priests
  2 hounds
  2 jellies
  4 iguanas
  Terence (D:3)
  6 orc wizards
  Robin (D:2)
  17 gnolls
  11 adders
  10 river rats
  A shadow imp (D:7)
  3 white imps
  3 ufetubi (D:6)
  6 worms
  3 dart slugs
  41 orcs
  8 ball pythons
  6 endoplasms
  5 giant cockroaches
  18 hobgoblins
  5 jackals
  30 kobolds
  2 quokkas
  4 bats
  3 frilled lizards
  34 goblins
  27 rats
408 creatures vanquished.

Vanquished Creatures (collateral kills)
  2 cane toads (Lair:1)
  A rime drake (Lair:1)
  2 polar bears (Lair:1)
  3 yaks (Lair:1)
  2 water moccasins (Lair:1)
  10 wolves
20 creatures vanquished.

Vanquished Creatures (others)
  6 fungi
  A plant (Lair:2)
7 creatures vanquished.

Grand Total: 435 creatures vanquished

Notes
Turn   | Place    | Note
-------+----------+-------------------------------------------
     0 | D:1      | themarg the Gnoll Transmuter began the quest for the Orb.
     0 | D:1      | Reached XP level 1. HP: 17/17 MP: 6/6
   106 | D:1      | Reached XP level 2. HP: 23/23 MP: 5/7
   109 | D:1      | Learned a level 2 spell: Wereblood
   529 | D:1      | Reached skill level 5 in Spellcasting
   529 | D:1      | Reached XP level 3. HP: 28/28 MP: 6/9
   673 | D:2      | Learned a level 3 spell: Spider Form
   809 | D:2      | Reached skill level 1 in Invocations
   855 | D:2      | Noticed Robin
   861 | D:2      | Killed Robin
   862 | D:2      | Reached skill level 1 in Short Blades
   862 | D:2      | Reached skill level 1 in Long Blades
   862 | D:2      | Reached skill level 1 in Axes
   862 | D:2      | Reached skill level 1 in Maces & Flails
   862 | D:2      | Reached skill level 1 in Polearms
   862 | D:2      | Reached skill level 1 in Staves
   862 | D:2      | Reached skill level 1 in Ranged Weapons
   862 | D:2      | Reached skill level 1 in Throwing
   862 | D:2      | Reached skill level 1 in Armour
   862 | D:2      | Reached skill level 1 in Stealth
   862 | D:2      | Reached skill level 1 in Shields
   862 | D:2      | Reached skill level 1 in Evocations
   864 | D:2      | Reached XP level 4. HP: 20/34 MP: 7/11
  1665 | D:3      | Reached skill level 1 in Conjurations
  1665 | D:3      | Reached skill level 1 in Hexes
  1665 | D:3      | Reached skill level 1 in Summonings
  1665 | D:3      | Reached skill level 1 in Necromancy
  1665 | D:3      | Reached skill level 1 in Translocations
  1665 | D:3      | Reached skill level 1 in Fire Magic
  1665 | D:3      | Reached skill level 1 in Ice Magic
  1665 | D:3      | Reached skill level 1 in Air Magic
  1665 | D:3      | Reached skill level 1 in Earth Magic
  1665 | D:3      | Reached skill level 1 in Poison Magic
  1990 | D:3      | Noticed Terence
  1999 | D:3      | Killed Terence
  2000 | D:3      | Reached XP level 5. HP: 37/41 MP: 6/12
  2107 | D:3      | Found a faded altar of an unknown god.
  2297 | D:3      | Found a stormy altar of Qazlal.
  2638 | D:4      | Noticed a phantom
  2650 | D:4      | Killed a phantom
  2651 | D:4      | Reached XP level 6. HP: 46/47 MP: 4/14
  2789 | D:4      | Reached skill level 5 in Dodging
  2885 | D:4      | Found a staircase to the Ecumenical Temple.
  3563 | D:4      | Found a shimmering altar of Xom.
  3681 | D:5      | Entered Level 5 of the Dungeon
  3716 | D:5      | Reached skill level 7 in Unarmed Combat
  3716 | D:5      | Reached XP level 7. HP: 51/52 MP: 9/15
  3766 | D:5      | Found a bloodstained altar of Trog.
  4034 | D:5      | Reached XP level 8. HP: 36/60 MP: 7/16
  4036 | D:5      | Found a glowing drain.
  4041 | Sewer    | Entered a sewer
  5369 | Temple   | Entered the Ecumenical Temple
  5373 | Temple   | Became a worshipper of Ashenzari the Shackled
  5420 | D:5      | Found a blossoming altar of Fedhas.
  5420 | D:5      | Found an opulent altar of Gozag.
  6149 | D:6      | Identified the cursed +0 pair of gloves "Manifest
                  | Adversity" {Fort, Elem} (You found it on level 5 of the
                  | Dungeon)
  6655 | D:6      | Reached * piety under Ashenzari
  6655 | D:6      | Identified a scroll of acquirement
  6657 | D:6      | Acquired 937 gold pieces
  6713 | D:6      | Reached skill level 5 in Transmutations
  6737 | D:6      | Identified the cursed +2 cloak "Lashed Together" {Elem,
                  | Bglg} (You found it on level 1 of the Dungeon)
  7074 | D:7      | Reached XP level 9. HP: 45/66 MP: 15/18
  7208 | D:7      | Reached skill level 5 in Fighting
  7402 | D:7      | Found a glowing golden altar of the Shining One.
  7652 | D:7      | Reached ** piety under Ashenzari
  7695 | D:7      | Identified the cursed +1 helmet of the Eternal Oracle {Evo,
                  | Bglg} (You took it off Robin on level 2 of the Dungeon)
  7919 | D:7      | Reached skill level 8 in Unarmed Combat
  8198 | D:8      | Found a flagged portal.
  8222 | D:8      | Learned a level 4 spell: Ice Form
  8223 | Bailey   | Entered a bailey
  8268 | Bailey   | Reached skill level 5 in Invocations
  8502 | Bailey   | Reached skill level 5 in Short Blades
  8502 | Bailey   | Reached skill level 5 in Long Blades
  8502 | Bailey   | Reached skill level 5 in Axes
  8502 | Bailey   | Reached skill level 5 in Maces & Flails
  8502 | Bailey   | Reached skill level 5 in Polearms
  8502 | Bailey   | Reached skill level 5 in Staves
  8502 | Bailey   | Reached skill level 5 in Ranged Weapons
  8502 | Bailey   | Reached skill level 5 in Throwing
  8502 | Bailey   | Reached skill level 5 in Armour
  8502 | Bailey   | Reached skill level 5 in Stealth
  8502 | Bailey   | Reached skill level 5 in Shields
  8502 | Bailey   | Reached skill level 5 in Evocations
  8502 | Bailey   | Reached XP level 10. HP: 52/76 MP: 17/20
  8664 | Bailey   | Acquired a book of the Sky
  8768 | Bailey   | Noticed an orc warlord
  8783 | Bailey   | Killed an orc warlord
  9054 | D:8      | Identified the cursed +0 robe of Supernal Wisdom {Cun,
                  | Self}
  9138 | D:8      | Found a basalt altar of Yredelemnul.
  9213 | D:8      | Found an ancient bone altar of Kikubaaqudgha.
  9462 | D:8      | Noticed a cyclops
  9464 | D:8      | Noticed a tengu warrior
  9484 | D:8      | Killed a cyclops
  9508 | D:8      | Reached skill level 9 in Unarmed Combat
  9758 | D:8      | Reached skill level 5 in Conjurations
  9758 | D:8      | Reached skill level 5 in Hexes
  9758 | D:8      | Reached skill level 5 in Summonings
  9758 | D:8      | Reached skill level 5 in Necromancy
  9758 | D:8      | Reached skill level 5 in Translocations
  9758 | D:8      | Reached skill level 5 in Fire Magic
  9758 | D:8      | Reached skill level 5 in Ice Magic
  9758 | D:8      | Reached skill level 5 in Air Magic
  9758 | D:8      | Reached skill level 5 in Earth Magic
  9758 | D:8      | Reached skill level 5 in Poison Magic
  9758 | D:8      | Reached XP level 11. HP: 83/83 MP: 22/22
  9758 | D:8      | Noticed a red ugly thing
 10138 | D:8      | Killed a tengu warrior
 10355 | D:8      | Killed a red ugly thing
 10683 | D:8      | Reached *** piety under Ashenzari
 10683 | D:8      | Reached **** piety under Ashenzari
 10843 | D:8      | Learned a level 4 spell: Summon Lightning Spire
 10943 | D:9      | Identified the cursed +4 dire flail of Ashenzari's Omen
                  | {Cun, Bglg} (You found it on level 5 of the Dungeon)
 11106 | D:9      | Noticed a two-headed ogre
 11115 | D:9      | Killed a two-headed ogre
 11638 | D:9      | Noticed Erica
 11654 | D:9      | Killed Erica
 11827 | D:9      | Reached ***** piety under Ashenzari
 12215 | D:10     | Entered Level 10 of the Dungeon
 12353 | D:10     | Noticed a two-headed ogre
 12360 | D:10     | Killed a two-headed ogre
 12462 | D:10     | Identified the +7 hand axe of Daecuic {freeze, Str+3}
 12594 | D:10     | Noticed a two-headed ogre
 12640 | D:10     | Killed a two-headed ogre
 12646 | D:10     | Found a staircase to the Lair.
 12906 | D:10     | Reached XP level 12. HP: 91/91 MP: 24/24
 13062 | D:11     | Noticed a boulder beetle
 13075 | D:11     | Killed a boulder beetle
 13188 | D:11     | Noticed a boulder beetle
 13206 | D:11     | Killed a boulder beetle
 13209 | D:11     | Noticed a boulder beetle
 13227 | D:11     | Killed a boulder beetle
 13759 | D:11     | Reached skill level 10 in Unarmed Combat
 13987 | D:11     | Found a staircase to the Orcish Mines.
 14338 | D:11     | Noticed a centaur warrior
 14350 | D:11     | Killed a centaur warrior
 14560 | D:11     | Noticed a two-headed ogre
 14571 | D:11     | Killed a two-headed ogre
 15004 | Lair:1   | Entered Level 1 of the Lair of Beasts
 15838 | Lair:1   | Identified the cursed +0 troll leather armour "Manifest
                  | Prison" {Regen+, Comp, Alch} (You found it on level 10 of
                  | the Dungeon)
 15877 | Lair:1   | Reached XP level 13. HP: 85/99 MP: 11/26
 16549 | Lair:2   | Noticed Gastronok
 16561 | Lair:2   | Noticed Nergalle
 16577 | Lair:2   | Mangled by a blink frog

Illustrated notes

Levels and vault maps discovered:
D:1:      dpeg_arrival_windows_large_door, layout_rooms,
          chequers_serial_rivers_room_a, chequers_serial_rivers_marsh,
          st_stairs_6
D:2:      layout_basic, kennysheep_nondescript, chequers_serial_rivers_micro_e,
          amcnicky_mini_pool_small, chequers_decorated_corner, uniq_robin
D:3:      layout_loops_ring, nicolae_qazlal_eye_of_the_storm,
          chequers_ecumenical_altar_island, uniq_terence
D:4:      minmay_door_path, layout_basic, general_overflow_altar,
          minmay_temple_entry_from_below_a
D:5:      layout_basic, mainiacjoe_overflow_brackets,
          gammafunk_temple_overflow_elements, lightli_sewer_entry_pipes,
          grunt_ministairs_14, minmay_misc_feat_x,
          hangedman_decor_clover_reticule
D:6:      layout_layer_cave
D:7:      layout_basic, mainiacjoe_overflow_alcove_4, minivault_26,
          dk_noncrumbling_2
D:8:      nzn_winding_woodlands_small [nzn_winding_woodlands_5x15_eye,
          nzn_winding_woodlands_center_pierced_h,
          nzn_winding_woodlands_5x15_twine], layout_basic, lemuel_round_altar,
          amcnicky_altar_gilded, enter_bailey_3, st_stairs_8
D:9:      layout_layer_cave, uniq_erica
D:10:     layout_rooms, erik_lair_dragon
D:11:     kennysheep_blocky_room, layout_long_grid, orc_0_dummy,
          hangedman_abyss_or_decor_lesser_grid, minmay_puff
Temple:   zaba_magenta_temple
Lair:1:   layout_regular_city, cheibrodos_lair_lostbears
Lair:2:   lemuel_slime, layout_misc_corridors,
          minmay_snake_entry_guardpost_large, nicolae_volcano_entry_lava_flow,
          uniq_gastronok, uniq_nergalle

Skill      XL: |  1  2  3  4  5  6  7  8  9 10 11 12 13 |
---------------+----------------------------------------+-----
Spellcasting   | 5 6 7 8 9 |  9.8
Invocations    | 1 2 3 4 5 6 7 8 9 |  9.2
Short Blades   | 1 2 3 5 6 7 8 |  8.4
Long Blades    | 1 2 3 5 6 7 8 |  8.4
Axes           | 1 2 3 5 6 7 8 |  8.4
Maces & Flails | 1 2 3 5 6 7 8 |  8.4
Polearms       | 1 2 3 5 6 7 8 |  8.4
Staves         | 1 2 3 5 6 7 8 |  8.4
Ranged Weapons | 1 2 3 5 6 7 8 |  8.4
Throwing       | 1 2 3 5 6 7 8 |  8.4
Armour         | 1 2 3 5 6 7 8 |  8.4
Stealth        | 1 2 3 5 6 7 8 |  8.4
Shields        | 1 2 3 5 6 7 8 |  8.4
Evocations     | 1 2 3 5 6 7 8 |  8.4
Conjurations   | 1 2 3 4 5 6 7 |  7.0
Hexes          | 1 2 3 4 5 6 7 |  7.0
Summonings     | 1 2 3 4 5 6 7 |  7.0
Necromancy     | 1 2 3 4 5 6 7 |  7.0
Translocations | 1 2 3 4 5 6 7 |  7.0
Fire Magic     | 1 2 3 4 5 6 7 |  7.0
Ice Magic      | 1 2 3 4 5 6 7 |  7.0
Air Magic      | 1 2 3 4 5 6 7 |  7.0
Earth Magic    | 1 2 3 4 5 6 7 |  7.0
Poison Magic   | 1 2 3 4 5 6 7 |  7.0
Fighting       | 3 4 5 6 7 8 |  8.8
Transmutations | 4 5 6 7 8 |  8.0
Dodging        | 5 6 7 8 9 |  9.6
Unarmed Combat | 7 8 9 10 | 10.6

Action                   |  1- 3 |  4- 6 |  7- 9 | 10-12 | 13-15 || total
-------------------------+-------+-------+-------+-------+-------++-------
Melee: Unarmed           |    18 |   114 |   436 |   431 |    44 ||  1043
       Kick              |    25 |     9 |       |       |       ||    34
       Headbutt          |    11 |     2 |       |       |       ||    13
       Dagger            |    79 |    28 |     2 |       |       ||   109
       Punch             |     5 |     4 |       |       |       ||     9
       Bite              |     3 |     2 |       |       |       ||     5
       Dire flail        |       |       |       |     2 |       ||     2
 Cast: Beastly Appendage |    20 |    11 |       |       |       ||    31
       Spider Form       |     1 |    24 |    46 |     6 |       ||    77
       Wereblood         |     1 |     1 |    12 |    14 |       ||    28
       Ice Form          |       |       |     3 |    44 |     4 ||    51
       Summon Lightning  |       |       |       |    15 |     6 ||    21
Invok: Curse Item        |       |       |     3 |     5 |       ||     8
       Shatter the Chain |       |       |       |     1 |       ||     1
Evoke: Wand              |       |       |       |     8 |     3 ||    11
  Use: Scroll            |       |     8 |     6 |     4 |     1 ||    19
       Potion            |       |       |     7 |     3 |     1 ||    11
 Stab: Sleeping          |       |     2 |     4 |    13 |       ||    19
       Distracted        |       |       |       |     2 |     2 ||     4
Armor: Robe              |    27 |     9 |     4 |       |       ||    40
       Skin              |       |       |    20 |    99 |    22 ||   141
       Troll leather arm |       |       |       |     1 |       ||     1
Dodge: Dodged            |    57 |    89 |   319 |   316 |    34 ||   815

Table legend: (Time is in decaauts)
 A = Elapsed time spent in this place.
 B = Non-inter-level travel time spent in this place.
 C = Inter-level travel time spent in this place.
 D = Time resting spent in this place.
 E = Time spent auto-exploring this place.
 F = Levels seen in this place.
 G = Mean time per level.
                   A        B        C        D        E       F      G
               +--------+--------+--------+--------+--------+-----+--------+
         Total |  16498 |  16072 |    426 |   1527 |  10965 |  16 | 1031.1 |
       Dungeon |  13552 |  13149 |    403 |   1119 |   9307 |  11 | 1232.0 |
        Temple |      8 |      8 |      0 |      0 |      0 |   1 |    8.0 |
          Lair |   1564 |   1541 |     23 |    115 |   1177 |   2 |  782.0 |
         Sewer |    653 |    653 |      0 |     81 |    260 |   1 |  653.0 |
        Bailey |    719 |    719 |      0 |    212 |    221 |   1 |  719.0 |
               +--------+--------+--------+--------+--------+-----+--------+

Top non-repeatable levels by time:
    D:11: 1743 daAuts
     D:7: 1704 daAuts
     D:6: 1556 daAuts
     D:9: 1444 daAuts
  Lair:1: 1414 daAuts
     D:8: 1359 daAuts
     D:4: 1272 daAuts
     D:5: 1124 daAuts
     D:2: 949 daAuts
    D:10: 930 daAuts
     D:3: 825 daAuts
  Bailey: 719 daAuts
   Sewer: 653 daAuts
     D:1: 641 daAuts
  Lair:2: 150 daAuts
